 Dungeon Crawl Stone Soup version 0.30-a0-718-geaa24f58ff (webtiles) character file.

Game seed: 2239909981842736807

183156 Rrauwl the Stickfighter (level 18, -11/140 (149) HPs)
             Began as a Human Artificer on Jan 23, 2023.
             Was a High Priest of Nemelex Xobeh.
             Killed from afar by Sojobo (36 damage)
             ... with a bolt of lightning
             ... on level 1 of the Depths on Jan 25, 2023.
             The game lasted 02:49:20 (43321 turns).

Rrauwl the Stickfighter (Human Artificer)          Turns: 43321, Time: 02:49:21

HP:   -11/140 (149) AC: 22    Str: 13    XL:     18   Next: 62%
MP:   0/28          EV: 23    Int: 18    God:    Nemelex Xobeh [*****.]
Gold: 2569          SH:  0    Dex: 17    Spells: 28/31 levels left

rFire   . . .      SeeInvis +    a - +4 quarterstaff (venom)
rCold   + + +      Faith    .    (shield currently unavailable)
rNeg    . . .      Spirit   +    J - +5 ring mail of the Durable God {rC++}
rPois   +          Reflect  .    I - +2 helmet {SInv}
rElec   .          Harm     .    d - +0 cloak
rCorr   .          Rampage  .    G - +1 pair of gloves of Faenu {rC+ Int+2}
Will    +....                    i - +1 pair of boots
Stlth   +++                      w - amulet of guardian spirit
HPRegen 0.43/turn                F - +5 ring of evasion
MPRegen 0.21/turn                n - ring of poison resistance

@: drained
A: hooves 1, see invisible, cold resistance 1, wild magic 1
}: 1/15 runes: serpentine
a: Renounce Religion, Draw Escape, Draw Destruction, Draw Summoning, Triple
Draw, Deal Four, Stack Five


You were on level 1 of the Depths.
You worshipped Nemelex Xobeh.
Nemelex Xobeh was extremely pleased with you.
You visited 7 branches of the dungeon, and saw 29 of its levels.
You also visited: Sewer and Volcano.

You collected 2929 gold pieces.
You spent 360 gold pieces at shops.

Inventory:

Hand Weapons
 a - a +4 quarterstaff of venom (weapon)
Missiles
 u - a throwing net
Armour
 d - a +0 cloak (worn)
 i - a +1 pair of boots (worn)
 G - the +1 pair of gloves of Faenu (worn) {rC+ Int+2}
   (You found it in a volcano)

   Int:       It affects your intelligence (+2).
   rC:        It protects you from cold.
 I - a +2 helmet of see invisible (worn)
 J - the +5 ring mail of the Durable God (worn) {rC++}
   (You found it on level 12 of the Dungeon)

   rC:        It greatly protects you from cold.
Magical Staves
 b - a staff of cold
Jewellery
 n - a ring of poison resistance (right hand)
 w - an amulet of guardian spirit (around neck)
 F - a +5 ring of evasion (left hand)
Wands
 p - a wand of iceblast (9)
 t - a wand of polymorph (3)
 z - a wand of quicksilver (5)
 B - a wand of digging (2)
 C - a wand of flame (21)
 E - a wand of charming (7)
Scrolls
 c - 2 scrolls of magic mapping
 h - 6 scrolls of teleportation
 k - 25 scrolls of identify
 r - 8 scrolls of fear
 x - 6 scrolls of fog
 y - a scroll of brand weapon
 D - 2 scrolls of silence
 K - 3 scrolls of poison
 L - 3 scrolls of enchant armour
Potions
 e - 3 potions of berserk rage
 f - a potion of haste
 g - 6 potions of flight
 j - a potion of ambrosia
 m - 2 potions of might
 s - 5 potions of attraction
 A - 5 potions of mutation
 H - a potion of curing
Miscellaneous
 l - a phial of floods
 q - a lightning rod (4/4)
 v - a phantom mirror
 O - a piece from Xom's chessboard (15/15)


   Skills:
 - Level 15.0 Fighting
 - Level 15.0 Staves
 - Level 10.0 Armour
 + Level 14.7 Dodging
 - Level 7.0 Stealth
 - Level 7.0 Spellcasting
 - Level 10.0 Ice Magic
 - Level 10.0 Invocations
 - Level 7.0 Evocations


You had 28 spell levels left.
You knew the following spells:

 Your Spells              Type           Power      Damage    Failure   Level
a - Frozen Ramparts       Ice            100%       1d16      2%          3

Your spell library contained the following spells:

 Spells                   Type           Power      Damage    Failure   Level
 Ozocubu's Armour         Ice            53%        N/A       2%          3
 Necrotise                Necr           32%        1d5       28%         1
 Sting                    Tmut/Pois      32%        1d4       28%         1
 Summon Ice Beast         Ice/Summ       31%        N/A       34%         4
 Cigotuvi's Dreadful Rot  Necr/Pois/Air  16%        N/A       38%         2
 Poisonous Vapours        Pois/Air       16%        N/A       38%         2
 Scorch                   Fire           16%        2d5       38%         2
 Gell's Gravitas          Tloc           8%         N/A       61%         3
 Inner Flame              Hex/Fire       8%         N/A       61%         3
 Mephitic Cloud           Conj/Pois/Air  8%         N/A       61%         3
 Teleport Other           Tloc           8%         N/A       61%         3
 Tukima's Dance           Hex            8%         N/A       61%         3
 Vampiric Draining        Necr           8%         2d6       61%         3
 Freezing Cloud           Conj/Ice/Air   11%        6-21      87%         5
 Animate Dead             Necr           8%         N/A       93%         4
 Cause Fear               Hex            4%         N/A       93%         4
 Flame Wave               Conj/Fire      8%         2d5       93%         4
 Leda's Liquefaction      Hex/Erth       4%         N/A       93%         4
 Olgreb's Toxic Radiance  Pois           8%         N/A       93%         4
 Passage of Golubria      Tloc           8%         N/A       93%         4
 Ozocubu's Refrigeration  Ice            26%        4d13      97%         7
 Simulacrum               Ice/Necr       15%        N/A       99%         6
 Agony                    Necr           8%         N/A       100%        5
 Lee's Rapid Deconstruct  Erth           4%         3d5*      100%        5
 Summon Mana Viper        Hex/Summ       8%         N/A       100%        5
 Yara's Violent Unravell  Hex/Tmut       4%         3d4       100%        5
 Dispersal                Tloc           4%         N/A       100%        6
 Statue Form              Tmut/Erth      5%         N/A       100%        6
 Summon Cactus Giant      Summ           4%         N/A       100%        6
 Enfeeble                 Hex            4%         N/A       100%        7
 Haunt                    Necr/Summ      4%         N/A       100%        7
 Malign Gateway           Summ/Tloc      4%         N/A       100%        7
 Monstrous Menagerie      Summ           4%         N/A       100%        7
 Summon Hydra             Summ           4%         N/A       100%        7
 Discord                  Hex            4%         N/A       100%        8
 Infestation              Necr           4%         N/A       100%        8
 Polar Vortex             Ice            26%        N/A       100%        9


Dungeon Overview and Level Annotations

Branches:
Dungeon (15/15)            Temple (1/1) D:5            Lair (5/5) D:10
  Swamp (1/4) Lair:2        Snake (4/4) Lair:3        Slime (0/5) Lair:5
    Orc (2/2) D:12            Elf (0/3) Orc:2        Vaults (0/5) D:14
 Depths (1/4) D:15          Sewer (visited)         Volcano (visited)

Altars:
Ashenzari
Cheibriados
Dithmenos
Elyvilon
Fedhas
Gozag
Hepliaklqana
Kikubaaqudgha
Makhleb
Nemelex Xobeh
Okawaru
Qazlal
Ru
Sif Muna
Trog
Uskayaw
Vehumet
Wu Jian
Xom
Yredelemnul
Zin
The Shining One

Shops:
Orc:2 *(([![   Snake:3 :

Annotations:
D:9 2 transporters, Opifex's ghost, novice HOFi
Depths:1 Sojobo


Innate Abilities, Weirdness & Mutations

You have large cloven feet.
You have supernaturally acute eyesight. (SInv)
Your flesh is cold resistant. (rC+)
Your spells are a little harder to cast, but a little more powerful.


Message History

Sojobo waves her feathered arms in wide circles.
The air twists around and strikes you!
The tengu reaver hits you with a +1 great mace of draining!
You feel drained.
The tengu reaver pecks you but does no damage.
The tengu reaver claws you but does no damage.
Casting: Frozen Ramparts (mildly dangerous; 2% risk of failure)
Confirm with . or Enter, or press ? or * to list all spells.
Casting: Frozen Ramparts (mildly dangerous; 2% risk of failure)
Press: ? - help, Dir - look around, f - activate The walls around you are covered in ice.
The wall freezes the air elemental.
The wall freezes the air elemental but does no damage.
The tengu reaver completely resists.
The wall freezes the tengu reaver but does no damage.
The wall freezes Sojobo but does no damage.
The wall freezes the tengu reaver!
You kill the tengu reaver!
The wall freezes the air elemental.
Okay, then.
You draw a card...
You have drawn Vitriol.
Press: ? - help, Shift-Dir - straight line, f - Sojobo
Aim: Sojobo, wielding a +3 great sword of electrocution and wearing a +3 scale mail of cold resistance (lightly wounded, repelling missiles)
The glob of acid hits the tengu reaver!!!
The acid corrodes the tengu reaver!
You kill the tengu reaver!
A nearby plant withers and dies.
The wall freezes the air elemental.
You destroy the air elemental!
The air elemental disappears in a puff of smoke!
The wall freezes Sojobo but does no damage.
Sojobo conjures a fierce blast of wind!
The frozen ramparts melt away as you move.
You are knocked back by the gust of wind.
You slam into the rock wall!
* * * LOW HITPOINT WARNING * * *
Sojobo points at you and mumbles some strange words.
The bolt of lightning hits you!!!
You die...
Your body glows with a rainbow of weird colours and disappears.

#.......# #.>.....#
#.......+ #.....)Q# #)#
##### #)# ....##. #.#
##..# .### #.# ≈#..#
...#######@#
≈#..###..........######
##.<'....######.........
....####.# ##'#######.
.....# #.# #......#
####.###.# #..PPP.#
~~E#.'...# #..~~P.+
~~E#.###.#####..≈~P.#
~~~#.# #.....'.P~~P.#


You could see Sojobo (repels missiles).

Vanquished Creatures
  Saint Roka (Snake:3)
  Frances (D:13)
  9 nagarajas (Snake:4)
  2 tengu reavers (Depths:1)
  Roxanne (Snake:4)
  The ghost of fly the Cleaver, a journeyman DgDe (D:15)
  A minotaur (Snake:3)
  Snorg (Orc:1)
  2 ettins
  2 salamander tyrants (Snake:4)
  2 hydras
  An ogre mage (D:15)
  A catoblepas (D:15)
  2 boulder beetles
  5 centaur warriors
  10 anacondas
  11 naga warriors
  13 two-headed ogres
  5 death yaks
  A tengu warrior (Depths:1)
  2 shock serpents
  7 naga sharpshooters
  A goliath frog (Lair:5)
  3 salamander mystics (Snake:2)
  2 bog bodies
  A glowing orange brain (Snake:3)
  5 naga ritualists
  4 lindwurms (Volcano)
  11 mana vipers
  3 deep elf pyromancers
  4 orc knights
  2 orc sorcerers
  3 cyclopes
  3 manticores
  8 ugly things
  12 salamanders
  2 elephants (Lair:4)
  36 black mambas
  Joseph (D:9)
  A gargoyle (D:12)
  20 cane toads
  8 guardian serpents
  A smoke demon (Volcano)
  19 naga magi
  5 rime drakes
  A kobold demonologist (D:12)
  An unseen horror (shapeshifter) (Snake:3)
  An efreet (D:13)
  An unseen horror (Lair:1)
  11 komodo dragons
  4 meliai
  2 queen bees
  7 trolls
  3 tyrant leeches (Lair:5)
  A wolf spider simulacrum (D:14)
  5 hornets
  2 polar bears
  9 dream sheep
  32 blink frogs
  A snapping turtle (Snake:1)
  A raiju (Lair:1)
  4 slime creatures (D:12)
  6 wyverns
  A culicivora (shapeshifter) (D:13)
  A vampire (D:12)
  4 wraiths
  44 yaks
  3 basilisks
  3 steam dragons
  10 vampire mosquitoes
  2 acid dragons
  2 wargs
  48 nagas
  2 swamp worms (Lair:2)
  18 water moccasins
  A hell hound (Volcano)
  3 ice beasts
  2 black bears (D:10)
  2 sky beasts
  32 orc warriors
  7 wolves
  10 ogres
  27 centaurs
  4 kobold brigands
  20 bullfrogs
  3 necrophages
  A gnoll sergeant (D:7)
  3 scorpions
  14 wights
  13 killer bees
  6 howler monkeys
  4 electric eels
  7 jellies
  2 gnoll boudas
  6 hounds
  10 orc priests
  5 iguanas
  Jessica (D:3)
  Ijyb (D:5)
  24 orc wizards
  Natasha (thrice) (D:3)
  A sickly merfolk siren (Sewer)
  A malarious merfolk avatar (Sewer)
  8 gnolls
  4 adders
  2 river rats (Sewer)
  A white imp (D:5)
  An ufetubus (D:4)
  2 dart slugs (D:1)
  89 orcs
  2 bats
  3 bat zombies (D:3)
  4 endoplasms
  4 giant cockroaches (D:3)
  4 goblins
  5 hobgoblins
  10 quokkas
  5 ball pythons
  7 frilled lizards
  17 kobolds
  21 rats
  2 rat zombies (D:3)
870 creatures vanquished.

Vanquished Creatures (collateral kills)
  A storm dragon (Snake:4)
  A nagaraja (Snake:4)
  2 fire dragons
  An ice dragon (D:15)
  2 anacondas
  A death yak (Lair:2)
  3 naga warriors (Snake:4)
  3 shock serpents
  2 naga sharpshooters
  3 naga ritualists (Snake:4)
  A mana viper (Snake:3)
  A salamander (Snake:3)
  A cyclops (D:15)
  A black mamba (Snake:1)
  A naga mage (Snake:3)
  2 yaks (Lair:5)
  7 nagas
  An ogre (D:15)
  5 killer bees (D:15)
  A goblin (D:4)
  A frilled lizard (Sewer)
  A rat (Sewer)
42 creatures vanquished.

Vanquished Creatures (others)
  A naga (Snake:2)
  2 centaurs (D:7)
  A gnoll (D:7)
  A frilled lizard (D:1)
  79 fungi
  160 plants
244 creatures vanquished.

Grand Total: 1156 creatures vanquished

Notes
Turn   | Place    | Note
-------+----------+-------------------------------------------
     0 | D:1      | Rrauwl the Human Artificer began the quest for the Orb.
     0 | D:1      | Reached XP level 1. HP: 15/15 MP: 1/1
   146 | D:1      | Reached XP level 2. HP: 14/22 MP: 2/2
   317 | D:1      | Found a faded altar of an unknown god.
   846 | D:1      | Reached XP level 3. HP: 21/28 MP: 3/3
  1156 | D:2      | You fall into a shaft and drop 1 floor!
  1159 | D:3      | Noticed Natasha
  1167 | D:3      | Killed Natasha
  1168 | D:3      | Reached XP level 4. HP: 34/37 MP: 4/4
  1253 | D:3      | Found a glowing drain.
  1365 | Sewer    | Entered a sewer
  1591 | Sewer    | Reached XP level 5. HP: 43/43 MP: 5/5
  1854 | Sewer    | Reached skill level 5 in Fighting
  2087 | D:3      | Found an ancient bone altar of Kikubaaqudgha.
  2125 | D:3      | Noticed Jessica
  2130 | D:3      | Killed Jessica
  2131 | D:3      | Reached skill level 1 in Staves
  2131 | D:3      | Reached XP level 6. HP: 42/51 MP: 6/6
  2480 | D:3      | Noticed Natasha
  2485 | D:3      | Killed Natasha
  2535 | D:3      | Noticed Natasha
  2542 | D:3      | Killed Natasha
  2842 | D:4      | Reached XP level 7. HP: 51/56 MP: 7/7
  3536 | D:5      | Entered Level 5 of the Dungeon
  3539 | D:5      | Reached skill level 5 in Staves
  3618 | D:5      | Found a staircase to the Ecumenical Temple.
  3627 | Temple   | Entered the Ecumenical Temple
  3689 | Temple   | Became a worshipper of Nemelex Xobeh the Trickster
  3796 | D:5      | Found a hide-covered altar of Uskayaw.
  3860 | D:5      | Reached skill level 1 in Invocations
  3970 | D:5      | Reached XP level 8. HP: 61/62 MP: 9/9
  4182 | D:5      | Noticed Ijyb
  4215 | D:5      | Killed Ijyb
  4295 | D:5      | Found an opulent altar of Gozag.
  4555 | D:5      | Found a basalt altar of Yredelemnul.
  4567 | D:5      | Found a shimmering blue altar of Sif Muna.
  4593 | D:5      | Reached * piety under Nemelex Xobeh
  4688 | D:5      | Reached skill level 5 in Invocations
  4899 | D:6      | Reached XP level 9. HP: 56/68 MP: 12/12
  5154 | D:6      | Received a gift from Nemelex Xobeh
  6186 | D:7      | Reached skill level 10 in Staves
  6371 | D:7      | Gained mutation: Your spells are a little harder to cast,
                  | but a little more powerful. [potion of mutation]
  6371 | D:7      | Gained mutation: You have large cloven feet. [potion of
                  | mutation]
  6371 | D:7      | Gained mutation: Your flesh is cold resistant. (rC+)
                  | [potion of mutation]
  6371 | D:7      | Gained mutation: You have supernaturally acute eyesight.
                  | (SInv) [potion of mutation]
  6375 | D:7      | Found a shadowy altar of Dithmenos.
  6804 | D:7      | Reached ** piety under Nemelex Xobeh
  7186 | D:8      | Reached XP level 10. HP: 74/74 MP: 13/13
  7188 | D:8      | Received a gift from Nemelex Xobeh
  7319 | D:8      | Found a white marble altar of Elyvilon.
  7501 | D:8      | Noticed a manticore
  7551 | D:8      | Killed a manticore
  7552 | D:8      | Noticed a manticore
  8319 | D:8      | HP: 3/66 [yak (10)]
  8341 | D:8      | Received a gift from Nemelex Xobeh
  8609 | D:8      | Found a shimmering altar of Xom.
  8795 | D:8      | Noticed a centaur warrior
  8805 | D:8      | Killed a centaur warrior
  8806 | D:8      | Reached XP level 11. HP: 23/79 MP: 4/14
  9241 | D:8      | Killed a manticore
  9391 | D:9      | Noticed a two-headed ogre
  9409 | D:9      | Killed a two-headed ogre
  9410 | D:9      | Reached skill level 5 in Dodging
  9604 | D:9      | Noticed a two-headed ogre
  9694 | D:9      | Found a transporter.
  9695 | D:9      | Noticed a thrashing horror
  9708 | D:9      | Noticed Joseph
  9711 | D:9      | Noticed a worldbinder
  9712 | D:9      | Noticed Opifex's ghost (novice HOFi)
  9713 | D:9      | Reached *** piety under Nemelex Xobeh
  9721 | D:9      | Killed Joseph
  9728 | D:9      | Noticed a two-headed ogre
  9769 | D:9      | Found a transporter.
  9958 | D:9      | Received a gift from Nemelex Xobeh
 10052 | D:9      | Identified the +9 plate armour of the Final Kissing Seas
                  | {*Slow rPois rN+}
 10169 | D:9      | Killed a two-headed ogre
 10280 | D:9      | Killed a two-headed ogre
 10684 | D:10     | Entered Level 10 of the Dungeon
 11197 | D:10     | Found a glowing golden altar of the Shining One.
 11197 | D:10     | Received a gift from Nemelex Xobeh
 11290 | D:10     | Reached XP level 12. HP: 76/86 MP: 15/15
 11303 | D:10     | Found a staircase to the Lair.
 11712 | D:10     | Noticed a two-headed ogre
 11719 | D:10     | Killed a two-headed ogre
 11720 | D:10     | Reached skill level 10 in Dodging
 12000 | Lair:1   | Entered Level 1 of the Lair of Beasts
 12216 | Lair:1   | Reached skill level 1 in Spellcasting
 12744 | Lair:1   | Received a gift from Nemelex Xobeh
 12983 | Lair:1   | Reached **** piety under Nemelex Xobeh
 13213 | Lair:1   | Received a gift from Nemelex Xobeh
 14016 | Lair:2   | Reached XP level 13. HP: 90/91 MP: 15/17
 14111 | Lair:2   | Reached skill level 5 in Armour
 14111 | Lair:2   | Reached skill level 5 in Evocations
 14321 | Lair:2   | Received a gift from Nemelex Xobeh
 14679 | Lair:2   | Found a staircase to the Swamp.
 14783 | Lair:2   | Reached skill level 5 in Spellcasting
 15025 | Lair:2   | Reached skill level 5 in Stealth
 16009 | Lair:3   | Found a staircase to the Snake Pit.
 16590 | Lair:3   | Received a gift from Nemelex Xobeh
 16917 | Lair:4   | Reached ***** piety under Nemelex Xobeh
 17164 | Lair:4   | Noticed a five-headed hydra
 17193 | Lair:4   | Killed a five-headed hydra
 17254 | Lair:4   | Reached XP level 14. HP: 65/98 MP: 16/21
 18503 | Lair:5   | Entered Level 5 of the Lair of Beasts
 18940 | Lair:5   | Received a gift from Nemelex Xobeh
 19065 | Lair:5   | Found a dark tunnel.
 19076 | Volcano  | Entered a volcano
 19443 | Volcano  | Identified the +1 pair of gloves of Faenu {rC+ Int+2}
 19594 | Lair:5   | Received a gift from Nemelex Xobeh
 20382 | Lair:5   | Found a staircase to the Slime Pits.
 21819 | D:11     | Received a gift from Nemelex Xobeh
 21850 | D:11     | Reached XP level 15. HP: 97/107 MP: 20/24
 22568 | D:12     | Received a gift from Nemelex Xobeh
 22840 | D:12     | Identified the +5 ring mail of the Durable God {rC++}
 23001 | D:12     | Found a staircase to the Orcish Mines.
 23294 | D:12     | Reached ****** piety under Nemelex Xobeh
 23294 | D:12     | Received a gift from Nemelex Xobeh
 23463 | D:13     | Got the Notes on the Hyperborean Familiar
 23468 | D:13     | Learned a level 3 spell: Frozen Ramparts
 23667 | D:13     | Noticed Frances
 23698 | D:13     | Reached skill level 1 in Ice Magic
 23917 | D:13     | Killed Frances
 24704 | D:14     | Found a gate to the Vaults.
 24847 | D:14     | Received a gift from Nemelex Xobeh
 24992 | D:14     | Reached skill level 15 in Staves
 25186 | D:14     | Reached skill level 5 in Ice Magic
 25511 | D:15     | Entered Level 15 of the Dungeon
 25631 | D:15     | Received a gift from Nemelex Xobeh
 25815 | D:15     | Paralysed by an ogre mage for 3 turns
 25822 | D:15     | Paralysed by an ogre mage for 3 turns
 26088 | D:15     | Found a radiant altar of Vehumet.
 26156 | D:15     | Noticed fly's ghost (journeyman DgDe)
 26159 | D:15     | Found a transporter.
 26162 | D:15     | Found a transporter.
 26292 | D:15     | Received a gift from Nemelex Xobeh
 26376 | D:15     | Reached XP level 16. HP: 56/115 MP: 15/26
 26566 | D:15     | Found a staircase to the Depths.
 26968 | Orc:1    | Entered Level 1 of the Orcish Mines
 27115 | Orc:1    | Noticed Snorg
 27131 | Orc:1    | Killed Snorg
 27219 | Orc:1    | Received a gift from Nemelex Xobeh
 27489 | Orc:2    | Entered Level 2 of the Orcish Mines
 27489 | Orc:2    | Found Hozocaha's Armour Shoppe.
 27762 | Orc:2    | Found Daajolui's Weapon Shop.
 27765 | Orc:2    | Found Ameobisch's General Store.
 27833 | Orc:2    | Bought a scroll of enchant weapon for 127 gold pieces
 27833 | Orc:2    | Bought a scroll of immolation for 68 gold pieces
 27919 | Orc:2    | Found a staircase to the Elven Halls.
 28353 | Orc:2    | Found Vulest's Antique Weapon Shoppe.
 28353 | Orc:2    | Found Qeoc's Armour Boutique.
 28355 | Orc:2    | Found Ukohuh's Distillery.
 28357 | Orc:2    | Found Ideiguol's Magic Scroll Emporium.
 28364 | Orc:2    | Bought a potion of haste for 110 gold pieces
 28364 | Orc:2    | Bought a potion of berserk rage for 55 gold pieces
 28373 | Orc:2    | Received a gift from Nemelex Xobeh
 28750 | Snake:1  | Entered Level 1 of the Snake Pit
 29530 | Snake:1  | Reached skill level 10 in Ice Magic
 30107 | Snake:1  | Reached skill level 10 in Invocations
 30789 | Snake:1  | Received a gift from Nemelex Xobeh
 31346 | Swamp:1  | Entered Level 1 of the Swamp
 31504 | Snake:2  | Noticed Aizul
 31627 | Snake:2  | Aizul changed into Aizul the death yak
 31627 | Snake:2  | Noticed Aizul
 31637 | Snake:2  | Killed Aizul the death yak
 31829 | Snake:2  | Received a gift from Nemelex Xobeh
 32216 | Snake:2  | Received a gift from Nemelex Xobeh
 33662 | Snake:2  | Received a gift from Nemelex Xobeh
 34072 | Snake:2  | Reached skill level 10 in Fighting
 34072 | Snake:2  | Reached XP level 17. HP: 86/128 MP: 17/27
 35311 | Snake:3  | Received a gift from Nemelex Xobeh
 35862 | Snake:3  | Noticed Saint Roka
 35874 | Snake:4  | Entered Level 4 of the Snake Pit
 35874 | Snake:4  | Received a gift from Nemelex Xobeh
 36435 | Snake:3  | Killed Saint Roka
 36691 | Snake:3  | Found Puunaes's Book Shop.
 36718 | Snake:3  | Reached skill level 10 in Armour
 37833 | Snake:4  | Received a gift from Nemelex Xobeh
 39508 | Snake:4  | Received a gift from Nemelex Xobeh
 39901 | Snake:4  | Noticed Roxanne
 40001 | Snake:4  | Reached XP level 18. HP: 56/143 MP: 10/28
 40948 | Snake:4  | HP: 4/145 [salamander tyrant (14)]
 40955 | Snake:4  | HP: 4/146 [salamander tyrant (29)]
 41856 | Snake:4  | Received a gift from Nemelex Xobeh
 42409 | Snake:4  | Reached skill level 15 in Fighting
 42434 | Snake:4  | Got a serpentine rune of Zot
 42717 | Snake:4  | Killed Roxanne
 43151 | D:15     | Killed fly's ghost
 43255 | Depths:1 | Entered Level 1 of the Depths
 43256 | Depths:1 | Upgraded the game from 0.30-a0-715-gdb4ae3ece1 to
                  | 0.30-a0-718-geaa24f58ff
 43301 | Depths:1 | Noticed Sojobo
 43321 | Depths:1 | Killed from afar by Sojobo

Illustrated notes

Levels and vault maps discovered:
D:1:      ebering_hopf_link, layout_basic, basic_ecumenical_altar,
          chequers_serial_rivers_room_a
D:2:      layout_basic
D:3:      layout_rooms, lemuel_zombie_altar_kikubaaqudgha, portal_sewer_entry_f,
          uniq_jessica, uniq_natasha
D:4:      layout_gridville
D:5:      layout_loops_ring, nicolae_sif_muna_condensation,
          eat_drink_and_be_merry_uskayaw, mainiacjoe_overflow_alcove_2,
          nicolae_gozag_cash_rules_everything_around_me,
          minmay_temple_entry_slanted, kennysheep_generic_room_7, uniq_ijyb
D:6:      layout_loops_cross
D:7:      layout_cave_pools, amcnicky_altar_gilded, centaur_isle
D:8:      cheibrodos_fzero, layout_loops_corners, mainiacjoe_overflow_catwalk,
          lemuel_round_altar
D:9:      layout_gridville, gammafunk_ghost_abyssal_escape, minmay_orc_keep,
          uniq_joseph
D:10:     layout_small_grid, tso_altar, due_lair_maze_entry_diamond
D:11:     layout_basic
D:12:     layout_rooms, hiddenorc1_lemuel
D:13:     layout_roguey, uniq_frances
D:14:     layout_roguey [special_room_orc], david_vaults_4,
          nicolae_looking_at_the_future
D:15:     grunt_enter_depths_hoard, layout_gridville, kennysheep_flooded_box,
          gammafunk_ghost_hive, chequers_mini_garden, fiery_altar_vehumet
Temple:   nicolae_temple_god_jail
Lair:1:   layout_chaotic_city
Lair:2:   layout_long_grid, nicolae_swamp_entry_splash_gauntlet
Lair:3:   layout_misc_corridors, minmay_snake_entry_guardpost_large,
          chequers_serial_rivers_micro_d, grunt_megastairs_4,
          lemuel_fruit_fields, infiniplex_staircase_pool
Lair:4:   layout_small_grid, beast_lair_carwin_6
Lair:5:   minmay_lair_end_frog_pond, layout_gridlike,
          nicolae_slime_entry_field_trip, nicolae_volcano_entry_two_sided
Swamp:1:  layout_basic_swamp, evilmike_swamp_ruin_house_2
Snake:1:  layout_chambers, lemuel_fruit_tree, grunt_megastairs_5
Snake:2:  layout_chambers, uniq_aizul
Snake:3:  layout_gridlike, serial_shops, shop, grunt_megastairs_3,
          uniq_saint_roka
Snake:4:  grunt_snake_rune_spirals, layout_onion, uniq_roxanne
Orc:1:    layout_diamond_mine, basic_altar, uniq_snorg
Orc:2:    st_orc_rangers, layout_diamond_mine, serial_shops, shop, shop,
          nicolae_shop_stone
Depths:1: layout_gridlike, enter_ziggurat_f, grunt_hell_horde, serial_shops,
          shop, chequers_big_river, drop_trap, led_xom_imps, uniq_sojobo

Skill      XL: |  1  2  3  4  5  6  7  8  9 10 11 12 13 14 15 16 17 18 |
---------------+-------------------------------------------------------+-----
Fighting       | 2 3 4 5 6 7 10 13 15 | 15.0
Staves         | 1 4 5 7 10 14 15 | 15.0
Invocations    | 2 5 6 7 10 | 10.0
Dodging        | 9 11 13 14 | 14.7
Armour         | 4 5 6 7 10 | 10.0
Spellcasting   | 2 5 6 7 |  7.0
Stealth        | 3 5 7 |  7.0
Evocations     | 4 5 6 7 |  7.0
Ice Magic      | 8 10 | 10.0

Action                     |  1- 3 |  4- 6 |  7- 9 | 10-12 | 13-15 | 16-18 || total
---------------------------+-------+-------+-------+-------+-------+-------++-------
  Melee: Club              |   113 |   183 |       |       |       |       ||   296
         Punch             |     3 |     2 |       |       |       |       ||     5
         Quarterstaff      |       |    60 |   245 |   716 |  1623 |  1872 ||  4516
   Cast: Frozen Ramparts   |       |       |       |       |       |     3 ||     3
 Invoke: Draw Destruction  |       |       |     2 |     8 |    34 |    44 ||    88
         Draw Summoning    |       |       |     1 |     1 |    11 |    21 ||    34
         Draw Escape       |       |       |     1 |     1 |     2 |     6 ||    10
         Triple Draw       |       |       |       |       |     5 |     8 ||    13
  Evoke: Wand              |    11 |    16 |    65 |     4 |    23 |     3 ||   122
         Lightning rod     |       |       |       |       |     2 |       ||     2
    Use: Scroll            |     3 |     5 |     6 |     9 |     6 |     5 ||    34
         Potion            |       |     4 |    12 |     6 |     4 |     8 ||    34
   Stab: Sleeping          |       |     2 |     4 |     1 |     4 |     4 ||    15
         Distracted        |       |       |       |     1 |     6 |    11 ||    18
         Petrified         |       |       |       |       |     2 |    38 ||    40
         Petrifying        |       |       |       |       |       |     4 ||     4
 Armour: Leather armour    |    30 |    85 |    97 |    75 |       |       ||   287
         Ring mail         |       |       |       |    79 |   365 |   407 ||   851
  Dodge: Dodged            |    57 |   146 |   145 |   319 |   972 |  1415 ||  3054

Table legend: (Time is in decaauts)
 A = Elapsed time spent in this place.
 B = Non-inter-level travel time spent in this place.
 C = Inter-level travel time spent in this place.
 D = Time resting spent in this place.
 E = Time spent auto-exploring this place.
 F = Levels seen in this place.
 G = Mean time per level.
                   A        B        C        D        E       F      G
               +--------+--------+--------+--------+--------+-----+--------+
         Total |  41940 |  39934 |   2006 |   3857 |  27703 |  31 | 1352.9 |
       Dungeon |  16605 |  15696 |    909 |    763 |  11586 |  15 | 1107.0 |
        Temple |     78 |     62 |     16 |      0 |     49 |   1 |   78.0 |
          Lair |   9182 |   8585 |    597 |    410 |   6225 |   5 | 1836.4 |
         Swamp |     31 |     31 |      0 |      0 |     21 |   1 |   31.0 |
     Snake Pit |  13378 |  12979 |    399 |   2504 |   8278 |   4 | 3344.5 |
  Orcish Mines |   1527 |   1444 |     83 |    110 |   1014 |   2 |  763.5 |
        Depths |     60 |     60 |      0 |      0 |     37 |   1 |   60.0 |
         Sewer |    597 |    597 |      0 |     69 |    234 |   1 |  597.0 |
       Volcano |    478 |    478 |      0 |      0 |    258 |   1 |  478.0 |
               +--------+--------+--------+--------+--------+-----+--------+

Top non-repeatable levels by time:
 Snake:4: 4834 daAuts
 Snake:2: 3401 daAuts
 Snake:3: 2637 daAuts
 Snake:1: 2504 daAuts
  Lair:5: 2144 daAuts
     D:8: 2037 daAuts
  Lair:4: 1951 daAuts
  Lair:2: 1860 daAuts
  Lair:1: 1656 daAuts
  Lair:3: 1569 daAuts
     D:7: 1459 daAuts
    D:10: 1381 daAuts
    D:15: 1376 daAuts
     D:5: 1269 daAuts
     D:9: 1201 daAuts
